 Dungeon Crawl Stone Soup version 0.29-a0-723-gce39da1c22 (webtiles) character file.

Game seed: 8985925665440873685

28 ytrimaz the Shield-Bearer (level 3, 29/29 HPs)
             Began as a Demonspawn Fighter on June 28, 2022.
             Quit the game on level 2 of the Dungeon.
             The game lasted 00:01:32 (1167 turns).

ytrimaz the Shield-Bearer (Demonspawn Fighter)      Turns: 1167, Time: 00:01:33

Health: 29/29      AC:  6    Str: 18    XL:     3   Next: 0%
Magic:  3/3        EV:  9    Int:  9    God:
Gold:   47         SH:  4    Dex: 12    Spells: 2/2 levels left

rFire   . . .      SeeInvis .   a - +0 war axe
rCold   . . .      Faith    .   c - +0 buckler
rNeg    . . .      Spirit   .   b - +0 scale mail
rPois   .          Reflect  .   (no helmet)
rElec   .          Harm     .   (no cloak)
rCorr   .          Rampage  .   (no gloves)
Will    .....                   (no boots)
Stlth   ..........              (no amulet)
HPRegen 0.09/turn               (no ring)
MPRegen 0.08/turn               (no ring)

@: no status effects
A: hooves 1, demonic magic 1
a: no special abilities


You were on level 2 of the Dungeon.
You visited 1 branch of the dungeon, and saw 2 of its levels.

You collected 47 gold pieces.

Inventory:

Hand Weapons
 a - a +0 war axe (weapon)
Armour
 b - a +0 scale mail (worn)
 c - a +0 buckler (worn)
Scrolls
 e - a scroll of magic mapping {unknown}
 f - a scroll of teleportation
Potions
 d - a potion of might
 g - 2 potions of resistance {unknown}
 h - a potion of lignification {unknown}
 i - a potion of ambrosia {unknown}


   Skills:
 - Level 3.0 Fighting
 + Level 2.5 Axes
 - Level 2.6 Armour
 + Level 3.2 Shields


You had 2 spell levels left.
You didn't know any spells.
Your spell library was empty.

Dungeon Overview and Level Annotations

Branches:
Dungeon (2/15)

Altars:

Shops:
D:1 *


Innate Abilities, Weirdness & Mutations

You have large cloven feet.
Spells you cast may paralyse adjacent enemies.


Message History

The kobold shouts!
A kobold is nearby!
A kobold is nearby!
A kobold is nearby!
Found a grey potion.
Found 6 gold pieces.
The kobold hits you with a +0 short sword.
You closely miss the kobold. Your kick misses the kobold.
The kobold barely misses you.
You slash the kobold!
You kill the kobold!
You see here a +0 short sword.
HP restored.
i - a grey potion You see here a +0 short sword.
A kobold comes into view. It is wielding a +0 whip.
The kobold shouts!
A kobold is nearby!
A kobold is nearby!
A kobold is nearby!
You see here 6 gold pieces.
You now have 47 gold pieces (gained 6).
You closely miss the kobold. The kobold hits you but does no damage.
The kobold barely misses you.
You closely miss the kobold. You block the kobold's attack.
You completely miss the kobold. Your kick misses the kobold.
The kobold hits you with a +0 whip. The kobold hits you but does no damage.
You closely miss the kobold. You kick the kobold, but do no damage.
The kobold hits you but does no damage.
You completely miss the kobold. The kobold hits you but does no damage.
You barely miss the kobold. You kick the kobold.
You kill the kobold!
You have reached level 3!
Your experience leads to an increase in your attributes!
Increase (S)trength, (I)ntelligence, or (D)exterity?
You feel stronger. x2; Your demonic ancestry asserts itself...
A menacing aura infuses your magic.
Things that are here:
a +0 whip; a kobold corpse Are you sure you want to abandon this character and quit the game? (Confirm with "yes".)

............#
............########
...........<........
##.######...####...#
.......[.##.# ..#
########....# ..
#..#.# .#
#..#######.######
#........@......#
#..#)######.####.#
#.##.......... #.
#...####.### #.
#...# .# #....#.# .#
######.# .. ..# ..
.#..


There were no monsters in sight!

Vanquished Creatures
  A dart slug (D:1)
  3 ball pythons (D:1)
  A bat (D:1)
  2 endoplasms (D:1)
  A hobgoblin (D:1)
  5 jackals (D:1)
  3 quokkas (D:1)
  A frilled lizard (D:1)
  5 kobolds
  2 rats (D:1)
24 creatures vanquished.

Notes
Turn   | Place    | Note
-------+----------+-------------------------------------------
     0 | D:1      | ytrimaz the Demonspawn Fighter began the quest for the Orb.
     0 | D:1      | Reached XP level 1. HP: 18/18 MP: 1/1
   196 | D:1      | Gained mutation: You have large cloven feet. [demonic
                  | ancestry]
   196 | D:1      | Reached XP level 2. HP: 16/24 MP: 2/2
   376 | D:1      | Found Hixel's Assorted Antiques.
  1150 | D:2      | Gained mutation: Spells you cast may paralyse adjacent
                  | enemies. [demonic ancestry]
  1150 | D:2      | Reached XP level 3. HP: 27/29 MP: 3/3
  1167 | D:2      | Quit the game

Illustrated notes

Levels and vault maps discovered:
D:1:      dpeg_arrival_radiant, layout_basic, serial_shops,
          nicolae_shop_advertising_works [nicolae_subvault_shop_adworks]
D:2:      layout_basic, serial_shops, shop

Skill      XL: |  1 |
---------------+----+-----
Shields        | 3 |  3.2
Axes           | 2 |  2.5
Fighting       | |  3.0
Armour         | |  2.6

Action                   || total
-------------------------++-------
Melee: War axe           ||    53
       Kick              ||     8
  Use: Scroll            ||     1
Armor: Scale mail        ||    32
Dodge: Dodged            ||    25
Block: Buckler           ||    17

Table legend: (Time is in decaauts)
 A = Elapsed time spent in this place.
 B = Non-inter-level travel time spent in this place.
 C = Inter-level travel time spent in this place.
 D = Time resting spent in this place.
 E = Time spent auto-exploring this place.
 F = Levels seen in this place.
 G = Mean time per level.
                   A        B        C        D        E       F      G
               +--------+--------+--------+--------+--------+-----+--------+
         Total |   1190 |   1161 |     29 |      0 |    987 |   2 |  595.0 |
       Dungeon |   1190 |   1161 |     29 |      0 |    987 |   2 |  595.0 |
               +--------+--------+--------+--------+--------+-----+--------+

Top non-repeatable levels by time:
     D:1: 1067 daAuts
     D:2: 123 daAuts
